 Dungeon Crawl Stone Soup version 0.27-a0-550-ge92ec0ca06 (webtiles) character file.

Game seed: 11750510050346128846

4263 jestyr24 the Blocker (level 10, -5/92 HPs)
             Began as a Minotaur Fighter on Mar 8, 2021.
             Was a Priest of Makhleb.
             Splashed by a brown ugly thing's acid (7 damage)
             ... on level 8 of the Dungeon.
             The game lasted 00:21:09 (7005 turns).

jestyr24 the Blocker (Minotaur Fighter)             Turns: 7005, Time: 00:21:10

Health: -5/92      AC: 13    Str: 24    XL:     10   Next: 10%
Magic:  0/11       EV: 11    Int:  5    God:    Makhleb [***...]
Gold:   547        SH: 20    Dex: 10    Spells: 9/9 levels left

rFire    + . .     SeeInvis .   w - +2 flail (protect)
rCold    . . .     Faith    .   c - +0 kite shield
rNeg     . . .     Spirit   +   b - +0 scale mail
rPois    .         Reflect  .   (helmet restricted)
rElec    .         Harm     .   (no cloak)
rCorr    .         Rampage  .   P - +0 pair of gloves
Will     .....                  (no boots)
Stlth    ..........             F - brooch of Shielding {Spirit SH+8}
HPRegen  0.25/turn              q - ring of protection from fire
MPRegen  0.12/turn              O - +4 ring of protection

@: corroded, protection aura, hasted, very quick
A: horns 2, retaliatory headbutt
a: Renounce Religion, Minor Destruction, Lesser Servant of Makhleb


You were on level 8 of the Dungeon.
You worshipped Makhleb.
Makhleb was most pleased with you.
You visited 1 branch of the dungeon, and saw 8 of its levels.

You collected 547 gold pieces.

Inventory:

Hand Weapons
 a - a +0 war axe
 t - a +0 war axe
 w - a +2 flail of protection (weapon)
 E - a +0 great sword
 G - a +2 mace of protection
Missiles
 f - 13 boomerangs (quivered)
 l - 2 curare-tipped darts
 C - 15 poisoned darts
Armour
 b - a +0 scale mail (worn)
 c - a +0 kite shield (worn)
 o - a +2 robe of positive energy
 y - a +2 leather armour of poison resistance
 P - a +0 pair of gloves (worn)
Jewellery
 q - a ring of protection from fire (left hand)
 v - a ring of wizardry
 F - the brooch of Shielding (around neck) {Spirit SH+8}
   (You found it on level 6 of the Dungeon)

   [amulet of guardian spirit]

   It causes incoming damage to be split between your health and magic.
   It affects your SH (+8).
 O - a +4 ring of protection (right hand)
Wands
 x - a wand of iceblast (19)
 H - a wand of polymorph (12)
 N - a wand of mindburst (9)
Scrolls
 e - 7 scrolls of identify
 h - 7 scrolls of teleportation
 i - 5 scrolls of noise {unknown}
 k - 2 scrolls of blinking {unknown}
 p - 2 scrolls of fog {unknown}
 r - a scroll of enchant armour {unknown}
 u - a scroll of immolation {unknown}
 A - 2 scrolls of amnesia {unknown}
 B - a scroll of random uselessness {unknown}
 I - 2 scrolls of fear {unknown}
 J - a scroll of silence {unknown}
Potions
 d - 2 potions of attraction
 g - 3 potions of flight {unknown}
 j - a potion of mutation {unknown}
 m - a potion of invisibility {unknown}
 n - a potion of brilliance {unknown}
 s - a potion of haste
 z - a potion of ambrosia {unknown}
 D - 3 potions of curing {unknown}
 K - a potion of magic {unknown}
 L - a potion of lignification {unknown}
 M - a potion of might


   Skills:
 * Level 9.6 Fighting
 - Level 2.6 Axes
 + Level 9.5 Armour
 + Level 6.1 Dodging
 - Level 9.7 Shields
 * Level 3.7 Invocations


You had 9 spell levels left.
You didn't know any spells.
Your spell library contained the following spells:

 Spells                   Type           Power      Damage    Failure   Level
 Confusing Touch          Hex            0%         N/A       100%        3
 Gell's Gravitas          Tloc           0%         N/A       100%        3
 Petrify                  Tmut/Erth      0%         N/A       100%        4
 Metabolic Englaciation   Hex/Ice        0%         N/A       100%        5
 Yara's Violent Unravell  Hex/Tmut       0%         3d3       100%        5


Dungeon Overview and Level Annotations

Branches:
Dungeon (8/15)             Temple (0/1) D:5
   Lair: D:8-11

Altars:
Cheibriados
Makhleb
The Shining One


Innate Abilities, Weirdness & Mutations

You have a pair of horns on your head.
You reflexively headbutt those who attack you in melee.


Message History

The brown ugly thing closely misses you.
You hear an angry buzzing noise.
You closely miss the brown ugly thing.
The brown ugly thing is heavily wounded.
The brown ugly thing engulfs you!
* * * LOW HITPOINT WARNING * * *
The acid corrodes you!
You are splashed with acid!
* * * LOW HITPOINT WARNING * * *
You barely miss the brown ugly thing.
The brown ugly thing is moderately wounded.
You block the brown ugly thing's attack.
You hit the brown ugly thing but do no damage.
The brown ugly thing is moderately wounded.
You feel sick.
You are no longer poisoned.
The brown ugly thing engulfs you but does no damage.
You thump the brown ugly thing!
The brown ugly thing is severely wounded.
You block the brown ugly thing's attack.
You hit the brown ugly thing.
The brown ugly thing is severely wounded.
You block the brown ugly thing's attack.
You closely miss the brown ugly thing.
Your headbutt misses the brown ugly thing.
The brown ugly thing is severely wounded.
You block the brown ugly thing's attack.
You hit the brown ugly thing.
The brown ugly thing is severely wounded.
You block the brown ugly thing's attack.
You sock the brown ugly thing!
The brown ugly thing is almost dead.
You hit the brown ugly thing.
The brown ugly thing is almost dead.
You block the brown ugly thing's attack.
You closely miss the brown ugly thing.
The brown ugly thing is almost dead.
The brown ugly thing engulfs you.
* * * LOW HITPOINT WARNING * * *
The acid corrodes you!
You are splashed with acid!
You die...

###### ##########
#....#########.........
#...........#..#######.
####....#..###...## ##
#.........^.....## #
#.##..#######..##
#.#..##..#uK##.#
#...##..#@#)c###
#..##..#####oZ#
#..#..## #... #..#.##
#..Ou ##..#.# #.#.
#.#.## .# # #.#..# # ##
########.##..# ###.
#.........##..# #...


You could see a brown ugly thing and a kobold brigand.

Vanquished Creatures
  A hydra (D:8)
  Grinder (D:3)
  A hornet (D:8)
  Sigmund (D:3)
  A wyvern (D:8)
  Grum (D:8)
  2 steam dragons (D:6)
  Edmund (D:4)
  Duvessa (D:5)
  A sky beast (D:7)
  3 ogres
  4 wolves (D:8)
  3 centaurs (D:6)
  2 phantoms
  2 bullfrogs
  Dowan (D:5)
  A water moccasin skeleton (D:5)
  A howler monkey (D:7)
  A jelly (D:6)
  A bullfrog skeleton (D:6)
  2 hounds
  An orc priest (D:2)
  A gnoll shaman (D:8)
  2 iguanas
  4 orc wizards
  6 worker ants
  Robin (D:3)
  A worker ant zombie (D:5)
  12 gnolls
  12 adders
  8 river rats (D:5)
  2 shadow imps
  A white imp (D:5)
  2 oozes
  An adder skeleton (D:8)
  2 worms
  2 dart slugs
  3 leopard geckos
  15 orcs
  3 bats
  6 giant cockroaches
  15 goblins
  8 hobgoblins
  4 jackals (D:8)
  8 kobolds
  11 quokkas
  2 ball pythons (D:2)
  3 frilled lizards
  2 leopard gecko skeletons
  23 rats
193 creatures vanquished.

Vanquished Creatures (others)
  9 fungi (D:6)
9 creatures vanquished.

Grand Total: 202 creatures vanquished

Notes
Turn   | Place    | Note
-------+----------+-------------------------------------------
     0 | D:1      | jestyr24 the Minotaur Fighter began the quest for the Orb.
     0 | D:1      | Reached XP level 1. HP: 19/19 MP: 0/0
   153 | D:1      | Reached XP level 2. HP: 27/27 MP: 1/1
   721 | D:2      | Reached XP level 3. HP: 33/33 MP: 2/2
   780 | D:2      | Reached XP level 4. HP: 15/41 MP: 3/3
  1288 | D:2      | Reached skill level 5 in Armour
  1442 | D:2      | Reached skill level 1 in Dodging
  1442 | D:2      | Reached XP level 5. HP: 39/47 MP: 4/4
  1877 | D:3      | Noticed Sigmund
  1891 | D:3      | Killed Sigmund
  1892 | D:3      | Reached skill level 5 in Fighting
  1892 | D:3      | Reached skill level 5 in Shields
  1892 | D:3      | Reached XP level 6. HP: 38/56 MP: 5/5
  2085 | D:3      | Found a faded altar of an unknown god.
  2115 | D:3      | Noticed Robin
  2124 | D:3      | Killed Robin
  2317 | D:3      | Noticed Grinder
  2323 | D:3      | Paralysed by Grinder for 2 turns
  2332 | D:3      | Killed Grinder
  2333 | D:3      | Reached XP level 7. HP: 39/61 MP: 6/6
  3029 | D:4      | Noticed Edmund
  3044 | D:4      | Killed Edmund
  3467 | D:4      | Reached XP level 8. HP: 71/71 MP: 7/7
  3675 | D:4      | Found a burning altar of Makhleb.
  3685 | D:4      | Became a worshipper of Makhleb the Destroyer
  3720 | D:5      | Entered Level 5 of the Dungeon
  3864 | D:5      | Noticed Dowan
  3864 | D:5      | Noticed Duvessa
  3877 | D:5      | Killed Duvessa
  3917 | D:5      | Killed Dowan
  3937 | D:5      | Reached * piety under Makhleb
  4259 | D:5      | Found a staircase to the Ecumenical Temple.
  4532 | D:6      | Found a snail-covered altar of Cheibriados.
  4719 | D:6      | Found the brooch of Shielding {Spirit SH+8}
  5125 | D:6      | Reached ** piety under Makhleb
  5139 | D:6      | Found a glowing golden altar of the Shining One.
  5270 | D:6      | Reached XP level 9. HP: 46/79 MP: 8/8
  6430 | D:8      | Reached skill level 1 in Invocations
  6517 | D:8      | Noticed Grum
  6522 | D:8      | Paralysed by a hornet for 3 turns
  6527 | D:8      | Reached skill level 5 in Dodging
  6551 | D:8      | Killed Grum
  6552 | D:8      | Reached *** piety under Makhleb
  6977 | D:8      | Noticed a four-headed hydra
  6977 | D:8      | Noticed a two-headed ogre
  6978 | D:8      | Noticed a brown ugly thing
  6987 | D:8      | Killed a four-headed hydra
  6988 | D:8      | Reached XP level 10. HP: 17/92 MP: 2/11
  6996 | D:8      | HP: 2/92 [acid (6)]
  7005 | D:8      | HP: 2/92 [brown ugly thing (2)]
  7005 | D:8      | Splashed by a brown ugly thing's acid

Illustrated notes

Levels and vault maps discovered:
D:1:      dpeg_arrival_solitude, layout_rooms, minivault_5,
          minmay_worlds_worst_comb
D:2:      layout_loops_ring
D:3:      layout_basic, chequers_ecumenical_altar_grove, grunt_decor_arrowhead,
          uniq_robin, uniq_sigmund, uniq_grinder
D:4:      layout_loops_ring, makhleb_heckhound_becter, minmay_misc_feat_doors,
          uniq_edmund
D:5:      lemuel_ratsnest, layout_cave_pools, lemuel_temple_firewalk_b,
          kennysheep_generic_room_6, uniq_duvessa
D:6:      kennysheep_steamy, layout_cave_pools, basic_altar,
          nicolae_tso_carved_into_rock
D:7:      layout_basic
D:8:      minmay_the_grid_octo_triangle [minmay_the_grid_octo_clover,
          minmay_the_grid_octo_prize_square_snowflake,
          minmay_the_grid_octo_fat_diamond], layout_rooms, minitemple,
          minmay_crossroads, uniq_grum

Skill      XL: |  1  2  3  4  5  6  7  8  9 |
---------------+----------------------------+-----
Fighting       | 4 5 6 7 9 |  9.6
Armour         | 4 5 6 7 8 9 |  9.5
Shields        | 4 5 6 7 9 |  9.7
Dodging        | 1 2 3 4 6 |  6.1
Invocations    | 3 |  3.7
Axes           | |  2.6

Action                   |  1- 3 |  4- 6 |  7- 9 | 10-12 || total
-------------------------+-------+-------+-------+-------++-------
Melee: War axe           |    51 |   106 |    20 |       ||   177
       Headbutt          |     9 |    17 |    73 |     1 ||   100
       Flail             |       |       |   372 |    18 ||   390
Throw: Boomerang         |       |       |     4 |       ||     4
  Use: Potion            |       |       |     3 |       ||     3
       Scroll            |       |       |     2 |       ||     2
Armor: Scale mail        |    25 |    32 |   176 |     2 ||   235
Dodge: Dodged            |    14 |    33 |   123 |     1 ||   171
Block: Kite shield       |    29 |    75 |   399 |    10 ||   513

Table legend: (Time is in decaauts)
 A = Elapsed time spent in this place.
 B = Non-inter-level travel time spent in this place.
 C = Inter-level travel time spent in this place.
 D = Time resting spent in this place.
 E = Time spent auto-exploring this place.
 F = Levels seen in this place.
 G = Mean time per level.
                   A        B        C        D        E       F      G
               +--------+--------+--------+--------+--------+-----+--------+
         Total |   7278 |   7080 |    198 |   1050 |   4219 |   8 |  909.8 |
       Dungeon |   7278 |   7080 |    198 |   1050 |   4219 |   8 |  909.8 |
               +--------+--------+--------+--------+--------+-----+--------+

Top non-repeatable levels by time:
     D:3: 1319 daAuts
     D:2: 1138 daAuts
     D:6: 1059 daAuts
     D:5: 975 daAuts
     D:4: 814 daAuts
     D:7: 776 daAuts
     D:8: 630 daAuts
     D:1: 564 daAuts
